 Dungeon Crawl Stone Soup version 0.31-a0-313-g785cd24033 (webtiles) character file.

Game seed: 8500036325285746989

6942 Conn the Thaumaturge (level 11, -10/64 HPs)
             Began as an Octopode Fire Elementalist on July 17, 2023.
             Was a Believer of Sif Muna.
             Mangled by a blink frog (14 damage)
             ... on level 1 of the Lair of Beasts.
             The game lasted 00:35:15 (11311 turns).

Conn the Thaumaturge (Octopode Fire Elementalist)  Turns: 11311, Time: 00:35:15

Health: -10/64     AC:  1    Str: 15    XL:     11   Next: 7%
Magic:  2/24       EV: 14    Int: 21    God:    Sif Muna [**....]
Gold:   429        SH:  0    Dex: 18    Spells: 3/29 levels left

rFire   . . .        a - +9 dagger of the Dowdy God {freeze, +Blink}
rCold   . . .        (no shield)
rNeg    . . .        (helmet restricted)
rPois   .            (no amulet)
rElec   .            g - +6 ring of strength
rCorr   .            C - +6 ring of dexterity
SInv    .            (no ring)
Will    .....        (no ring)
Stlth   ++++         (no ring)
HPRegen 0.30/turn    (no ring)
MPRegen 0.19/turn    (no ring)
                     (no ring)

%: no passive effects
@: no status effects
A: almost no armour, amphibious, 8 rings, camouflage 1, gelatinous body 1,
(nimble swimmer 1), tentacles
a: Renounce Religion, Evoke Blink, Channel Magic


You were on level 1 of the Lair of Beasts.
You worshipped Sif Muna.
Sif Muna was pleased with you.
You visited 3 branches of the dungeon, and saw 11 of its levels.

You collected 429 gold pieces.

Inventory:

Hand Weapons
 a - the +9 dagger of the Dowdy God (weapon) {freeze, +Blink}
   (You found it on level 8 of the Dungeon)

   +Blink:    It lets you blink.
 b - a +2 heavy orcbow
 w - a +0 short sword of electrocution
Missiles
 h - 4 javelins
 j - a throwing net
 p - a curare-tipped dart (quivered)
Magical Staves
 E - a staff of fire
Jewellery
 g - a +6 ring of strength (left tentacle)
 C - a +6 ring of dexterity (right tentacle)
Wands
 r - a wand of roots (30)
 s - a wand of charming (5)
 x - a wand of acid (8)
Scrolls
 e - 9 scrolls of teleportation
 o - a scroll of enchant armour
 q - a scroll of amnesia
 t - a scroll of fog
 v - a scroll of butterflies
 y - a scroll of torment
 A - a scroll of enchant weapon
 D - a scroll of vulnerability
Potions
 d - 3 potions of magic
 f - 2 potions of enlightenment
 i - 2 potions of resistance
 k - 2 potions of haste
 m - 3 potions of curing
 n - 2 potions of heal wounds
 u - a potion of berserk rage
 B - 4 potions of might {unknown}


   Skills:
 + Level 2.2 Fighting
 + Level 1.6 Short Blades
 + Level 2.3 Ranged Weapons
 + Level 0.2 Throwing
 + Level 3.4 Dodging
 + Level 5.9 Stealth
 + Level 9.9 Spellcasting
 + Level 5.3 Conjurations
 + Level 1.3 Hexes
 * Level 3.2 Summonings
 + Level 8.1 Fire Magic
 + Level 2.2 Ice Magic
 * Level 3.3 Invocations
 * Level 2.8 Evocations


You had 3 spell levels left.
You knew the following spells:

 Your Spells              Type           Power      Damage    Failure   Level
a - Foxfire               Conj/Fire      100%       2x1d9     1%          1
b - Scorch                Fire           88%        2d8       1%          2
c - Inner Flame           Hex/Fire       30%        N/A       2%          3
d - Flame Wave            Conj/Fire      38%        2d10      4%          4
e - Slow                  Hex            64%        N/A       3%          1
f - Metabolic Englaciati  Hex/Ice        8%         N/A       65%         5
g - Summon Guardian Gole  Hex/Summ       20%        N/A       8%          3
h - Swiftness             Air            10%        N/A       21%         3
i - Call Canine Familiar  Summ           24%        N/A       5%          3
j - Summon Small Mammal   Summ           96%        N/A       1%          1

Your spell library contained the following spells:

 Spells                   Type           Power      Damage    Failure   Level
 Volatile Blastmotes      Fire/Tloc      54%        2d14      3%          3
 Ensorcelled Hibernation  Hex/Ice        34%        N/A       4%          2
 Ignite Poison            Fire/Tmut/Pois 21%        N/A       6%          3
 Passwall                 Tmut/Erth      8%         N/A       10%         2
 Sublimation of Blood     Necr           10%        N/A       10%         2
 Wereblood                Tmut           10%        N/A       10%         2
 Confusing Touch          Hex            16%        N/A       12%         3
 Vampiric Draining        Necr           10%        2d6       21%         3
 Anguish                  Hex/Necr       6%         N/A       45%         4
 Summon Hydra             Summ           12%        N/A       100%        7
 Discord                  Hex            8%         N/A       100%        8


Dungeon Overview and Level Annotations

Branches:
Dungeon (9/15)             Temple (1/1) D:7            Lair (1/5) D:8
    Orc: D:9-12

Altars:
Ashenzari
Cheibriados
Dithmenos
Elyvilon
Fedhas
Gozag
Hepliaklqana
Kikubaaqudgha
Makhleb
Nemelex Xobeh
Okawaru
Qazlal
Ru
Sif Muna
Trog
Uskayaw
Vehumet
Wu Jian
Xom
Yredelemnul
Zin
The Shining One

Annotations:
D:7 Duvessa


Innate Abilities, Weirdness & Mutations

You cannot wear most types of armour.
You are amphibious.
You can wear up to eight rings at the same time.
Your skin changes colour to match your surroundings (Stealth+).
Your rubbery body absorbs attacks. (AC +1, EV +1)
((You are camouflaged when in or above water. (Stealth+)))
You have tentacles for arms and can constrict up to eight enemies at once.


Message History

The cane toad is almost dead.
The blink frog blinks!
The cane toad stings your guardian golem!
The blink frog blinks!
Your guardian golem overheats!
The cane toad stings your guardian golem but does no damage.
The blink frog hits you!
The blink frog blinks!
The cane toad stings your guardian golem.
Flame seeps out of your guardian golem.
Your guardian golem is engulfed in blazing flames.
Flame seeps out of your guardian golem.
Unknown command.
Casting: Scorch (safe; 1% risk of failure)
Confirm with . or Enter, or press ? or * to list all spells.
Flames lash the cane toad.
The cane toad is burned terribly!
You kill the cane toad!
Sif Muna accepts your kill. The blink frog misses you.
Your guardian golem is engulfed in blazing flames.
Flame seeps out of your guardian golem.
The blink frog blinks!
Unknown command.
You hear the steady crackling of a distant melting archway.
The blink frog blinks!
Unknown command.
Unknown command.
Casting: Scorch (safe; 1% risk of failure)
Confirm with . or Enter, or press ? or * to list all spells.
Flames lash the blink frog.
The blink frog is heavily wounded.
The blink frog's fire resistance burns away.
The blink frog blinks!
A bullfrog comes into view.
Casting: Scorch (safe; 1% risk of failure)
Confirm with . or Enter, or press ? or * to list all spells.
Flames lash the blink frog.
The blink frog is burned terribly!
The blink frog is almost dead.
The blink frog hits you!
* * * LOW HITPOINT WARNING * * *
The blink frog hits you!
You die...

.........................
.........................
..................).......
..##.####....###...###....
# #..F.###...###.... #..
#.†..##...........
#.(.##....##..........
#.....9....#..(.......
....##§F@.##.....##... ...
#.....#####.## ... ##
#.#...F###..####...
.###................
....................
....................
....................
....[...............
..?..#.##
####P..............


You could see 3 blink frogs and a friendly guardian golem (summoned, inner
flame).

Vanquished Creatures
  A two-headed ogre (D:8)
  A cane toad (Lair:1)
  Psyche (D:8)
  A kobold demonologist (D:6)
  A polar bear (Lair:1)
  A hornet (D:8)
  A shadow (D:9)
  9 yaks
  A wyvern (D:9)
  A basilisk (Lair:1)
  2 steam dragons
  Menkaure (D:7)
  An acid dragon (D:9)
  A water moccasin (D:7)
  2 orc warriors
  A black bear (D:7)
  An ice beast (D:7)
  3 centaurs
  2 phantoms
  A kobold brigand (D:7)
  5 bullfrogs
  A scorpion (D:5)
  8 wights
  Dowan (D:7)
  3 killer bees (D:8)
  A hound (D:5)
  5 orc priests
  A jelly (D:5)
  2 sleepcaps
  Ijyb (D:3)
  5 orc wizards
  Robin (D:3)
  7 gnolls
  6 adders
  2 shadow imps
  4 white imps
  3 ufetubi
  2 dart slugs (D:2)
  26 orcs
  9 bats
  6 endoplasms
  5 giant cockroaches
  16 goblins
  7 hobgoblins
  5 jackals
  2 quokkas (D:2)
  8 ball pythons
  3 frilled lizards
  9 kobolds
  4 rats
191 creatures vanquished.

Vanquished Creatures (collateral kills)
  A foxfire (D:3)
1 creature vanquished.

Vanquished Creatures (others)
  2 yaks (Lair:1)
  381 foxfires
383 creatures vanquished.

Grand Total: 575 creatures vanquished

Notes
Turn   | Place    | Note
-------+----------+-------------------------------------------
     0 | D:1      | Conn the Octopode Fire Elementalist began the quest for the
                  | Orb.
     0 | D:1      | Reached XP level 1. HP: 11/11 MP: 3/3
   170 | D:1      | Reached XP level 2. HP: 16/17 MP: 0/5
   506 | D:1      | Reached XP level 3. HP: 21/21 MP: 0/6
   518 | D:1      | Learned a level 2 spell: Scorch
   522 | D:1      | Learned a level 3 spell: Inner Flame
  1094 | D:2      | Found a bloodstained altar of Trog.
  1326 | D:2      | Reached XP level 4. HP: 14/27 MP: 4/7
  1693 | D:2      | Found a faded altar of an unknown god.
  1877 | D:2      | Got the Enchiridion on the Metamorphic Evil Eye
  2047 | D:3      | Noticed Robin
  2138 | D:3      | Found a hide-covered altar of Uskayaw.
  2138 | D:3      | Noticed a +0 short sword
  2138 | D:3      | Noticed a +0 falchion
  2138 | D:3      | Noticed a +0 spear
  2139 | D:3      | Noticed a +0 dagger
  2139 | D:3      | Noticed a +0 short sword
  2139 | D:3      | Noticed a +0 falchion
  2140 | D:3      | Noticed a +0 dagger
  2141 | D:3      | Noticed a +0 spear
  2194 | D:3      | Noticed a phantom
  2202 | D:3      | Killed a phantom
  2203 | D:3      | Reached skill level 1 in Short Blades
  2203 | D:3      | Reached XP level 5. HP: 22/32 MP: 0/9
  2337 | D:3      | Killed Robin
  2338 | D:3      | Reached skill level 3 in Spellcasting
  2446 | D:3      | Noticed Ijyb
  2466 | D:3      | Killed Ijyb
  2467 | D:3      | Reached XP level 6. HP: 12/37 MP: 1/10
  3122 | D:4      | Learned a level 4 spell: Flame Wave
  3124 | D:4      | Learned a level 1 spell: Slow
  3829 | D:5      | Entered Level 5 of the Dungeon
  4203 | D:5      | Found a stormy altar of Qazlal.
  4234 | D:5      | Found a sacrificial altar of Ru.
  4298 | D:5      | Reached skill level 5 in Stealth
  4298 | D:5      | Reached XP level 7. HP: 26/42 MP: 5/12
  4581 | D:5      | Reached skill level 4 in Spellcasting
  4827 | D:5      | HP: 1/42 [gnoll/+0 whip (3)]
  5786 | D:6      | Reached skill level 1 in Fighting
  5821 | D:6      | Noticed a steam dragon
  5830 | D:6      | Killed a steam dragon
  5831 | D:6      | Reached skill level 5 in Fire Magic
  5923 | D:6      | Found a glowing silver altar of Zin.
  5932 | D:6      | Reached skill level 5 in Spellcasting
  5932 | D:6      | Reached XP level 8. HP: 44/48 MP: 6/15
  6568 | D:6      | Found a sparkling altar of Nemelex Xobeh.
  6568 | D:6      | Found a transporter.
  6569 | D:6      | Noticed a kobold demonologist
  6584 | D:6      | Noticed a rust devil
  6588 | D:6      | Killed a kobold demonologist
  6589 | D:6      | Reached skill level 6 in Spellcasting
  6851 | D:7      | Noticed Menkaure
  7318 | D:7      | Reached XP level 9. HP: 43/53 MP: 14/19
  7385 | D:7      | Found a staircase to the Ecumenical Temple.
  7387 | D:7      | Noticed Duvessa
  7388 | D:7      | Noticed Dowan
  7395 | D:7      | Killed Dowan
  7396 | D:7      | Reached skill level 7 in Spellcasting
  7461 | D:7      | Learned a level 5 spell: Metabolic Englaciation
  7623 | D:7      | Killed Menkaure
  7674 | D:7      | Reached skill level 1 in Ice Magic
  8009 | Temple   | Entered the Ecumenical Temple
  8029 | Temple   | Became a worshipper of Sif Muna the Loreminder
  8134 | D:7      | Reached skill level 1 in Hexes
  8639 | D:8      | Found a staircase to the Lair.
  8678 | D:8      | Noticed Psyche
  8683 | D:8      | Killed Psyche
  8684 | D:8      | Reached skill level 1 in Ranged Weapons
  8684 | D:8      | Reached skill level 8 in Spellcasting
  8775 | D:8      | Identified the +9 dagger of the Dowdy God {freeze, +Blink}
  8911 | D:8      | Noticed a hornet
  8918 | D:8      | Killed a hornet
  8919 | D:8      | Reached XP level 10. HP: 42/60 MP: 5/22
  9134 | D:8      | Learned a level 3 spell: Summon Guardian Golem
  9138 | D:8      | Learned a level 3 spell: Swiftness
  9142 | D:8      | Learned a level 3 spell: Call Canine Familiar
  9144 | D:8      | Learned a level 1 spell: Summon Small Mammal
  9380 | D:8      | Noticed a two-headed ogre
  9389 | D:8      | Killed a two-headed ogre
  9390 | D:8      | Reached skill level 9 in Spellcasting
  9390 | D:8      | Reached skill level 5 in Conjurations
  9390 | D:8      | Reached skill level 1 in Summonings
  9867 | D:9      | Found a snail-covered altar of Cheibriados.
 10061 | D:9      | Reached skill level 1 in Evocations
 10072 | D:9      | Reached * piety under Sif Muna
 10759 | D:9      | Found a glowing golden altar of the Shining One.
 10761 | D:9      | Noticed an angel
 10777 | D:9      | Found a basalt altar of Yredelemnul.
 10779 | D:9      | Noticed a profane servitor
 10845 | Lair:1   | Entered Level 1 of the Lair of Beasts
 10892 | Lair:1   | Reached skill level 1 in Invocations
 11216 | Lair:1   | Reached XP level 11. HP: 26/64 MP: 12/24
 11308 | Lair:1   | Reached ** piety under Sif Muna
 11311 | Lair:1   | Mangled by a blink frog

Illustrated notes

Levels and vault maps discovered:
D:1:      saegor_arrival_under_anarchy, layout_loops_ring,
          amcnicky_mini_pool_small
D:2:      layout_loops_corners, shapermc_ecumenical_altar_flowoftime,
          basic_altar
D:3:      layout_rooms, nicolae_uskayaw_en_pointe, uniq_robin, uniq_ijyb
D:4:      layout_basic, supply_closet_lemuel, grunt_ministairs_6,
          due_unseen_surprise
D:5:      layout_layer_cave, mainiacjoe_overflow_brackets,
          nicolae_ru_great_annihilating_truth, minmay_tree_intersection
D:6:      layout_cave_pods, grunt_nemelex_the_gamble,
          mainiacjoe_overflow_surrounded_room
D:7:      layout_loops_ring, minmay_temple_entry_slanted, uniq_duvessa,
          uniq_menkaure
D:8:      layout_gridville, lair_entry_dummy, uniq_psyche
D:9:      layout_gridville, grunt_temple_overflow_holy_war,
          mainiacjoe_overflow_catwalk, minivault_16
Temple:   eino_temple_water
Lair:1:   layout_regular_city, portal_ice_cave_entry_imps, lemuel_fruit_tree

Skill      XL: |  1  2  3  4  5  6  7  8  9 10 |
---------------+-------------------------------+-----
Stealth        | 3 4 5 |  5.9
Fire Magic     | 4 5 7 8 |  8.1
Short Blades   | 1 |  1.6
Spellcasting   | 3 5 6 8 9 |  9.9
Conjurations   | 2 3 4 5 |  5.3
Fighting       | 1 2 |  2.2
Dodging        | 3 |  3.4
Ice Magic      | 2 |  2.2
Hexes          | 1 |  1.3
Ranged Weapons | 1 2 |  2.3
Summonings     | 3 |  3.2
Evocations     | 2 |  2.8
Invocations    | 3 |  3.3
Throwing       | |  0.2

Action                     |  1- 3 |  4- 6 |  7- 9 | 10-12 || total
---------------------------+-------+-------+-------+-------++-------
  Melee: Short sword       |    24 |    53 |    21 |       ||    98
         Tentacles         |     6 |    13 |     5 |     4 ||    28
         Constrict         |     3 |    14 |     5 |     3 ||    25
         Punch             |       |     2 |     1 |       ||     3
         Dagger            |       |       |       |    10 ||    10
  Throw: Throwing net      |     1 |     1 |       |       ||     2
   Cast: Foxfire           |    35 |    85 |    67 |    39 ||   226
         Scorch            |     3 |    14 |    51 |    26 ||    94
         Inner Flame       |       |       |    10 |     8 ||    18
         Slow              |       |       |     4 |       ||     4
         Flame Wave        |       |       |     4 |    10 ||    14
         Summon Guardian G |       |       |       |     2 ||     2
  Evoke: Wand              |       |       |     2 |       ||     2
    Use: Potion            |     6 |     2 |     2 |     3 ||    13
         Scroll            |     1 |    12 |    10 |     5 ||    28
   Stab: Sleeping          |     9 |     6 |     3 |       ||    18
         Paralysed         |       |     1 |       |       ||     1
 Armour: Skin              |     2 |     8 |     5 |     6 ||    21
  Dodge: Dodged            |    28 |    35 |    37 |    34 ||   134

Table legend: (Time is in decaauts)
 A = Elapsed time spent in this place.
 B = Non-inter-level travel time spent in this place.
 C = Inter-level travel time spent in this place.
 D = Time resting spent in this place.
 E = Time spent auto-exploring this place.
 F = Levels seen in this place.
 G = Mean time per level.
                   A        B        C        D        E       F      G
               +--------+--------+--------+--------+--------+-----+--------+
         Total |  11287 |  11130 |    157 |    600 |   7867 |  11 | 1026.1 |
       Dungeon |  11056 |  10899 |    157 |    600 |   7867 |   9 | 1228.4 |
        Temple |     41 |     41 |      0 |      0 |      0 |   1 |   41.0 |
          Lair |    189 |    189 |      0 |      0 |      0 |   1 |  189.0 |
               +--------+--------+--------+--------+--------+-----+--------+

Top non-repeatable levels by time:
     D:5: 1888 daAuts
     D:8: 1469 daAuts
     D:9: 1325 daAuts
     D:6: 1320 daAuts
     D:7: 1226 daAuts
     D:2: 1085 daAuts
     D:1: 960 daAuts
     D:4: 947 daAuts
     D:3: 832 daAuts
  Lair:1: 189 daAuts
  Temple: 41 daAuts
